PA
YELLOWKNIFE DRAGONBLOOD @ HAMMOND HERONS
08/23/2029
 
TOP OF THE 1ST
Yellowknife Dragonblood batting - Pitching for Hammond Herons : RHP Gregory Bahena
Pitching: RHP Gregory Bahena
Batting: RHB Bill Boyd 0-0: Bunt missed!
0-1: Swinging Strike
0-2: Strikes out swinging
Batting: LHB Takahiro Suzuki 0-0: Foul Ball, location: 2F
0-1: Swinging Strike
0-2: Strikes out swinging
Batting: RHB Riley Walker 0-0: Ball
1-0: Called Strike
1-1: Foul Ball, location: 2F
1-2: Ball
2-2: Foul Ball, location: 2F
2-2: Foul Ball, location: 2F
2-2: Ball
3-2: Strikes out swinging
Top of the 1st over - 0 runs, 0 hits, 0 errors, 0 left on base; Yellowknife 0 - Hammond 0
BOTTOM OF THE 1ST
Hammond Herons batting - Pitching for Yellowknife Dragonblood : RHP Forest Stanley
Pitching: RHP Forest Stanley
Batting: RHB Guillermo Montepeque 0-0: Called Strike
0-1: Called Strike
0-2: Foul Ball, location: 2F
0-2: Foul Ball, location: 2F
0-2: Ball
1-2: Foul Ball, location: 2F
1-2: Ball
2-2: Fly out, F7 (Flyball, 7)
Batting: LHB Raymond Dudzinski 0-0: Ball
1-0: Foul Ball, location: 2F
1-1: Fly out, F8 (Flyball, 8RS)
Batting: RHB Norm Freshwater 0-0: SOLO HOME RUN (Flyball, 78XD), Distance : 381 ft
Batting: RHB Berihun Tukufu 0-0: Ball
1-0: SINGLE (Line Drive, 6M)
Batting: RHB Landon Edwards 0-0: Ball
1-0: Called Strike
1-1: Foul Ball, location: 2F
1-2: Foul Ball, location: 2F
1-2: Ball
2-2: Fly out, F7 (Flyball, 7)
Bottom of the 1st over - 1 run, 2 hits, 0 errors, 1 left on base; Yellowknife 0 - Hammond 1
TOP OF THE 2ND
Yellowknife Dragonblood batting - Pitching for Hammond Herons : RHP Gregory Bahena
Batting: RHB Gilberto Clemente 0-0: Ball
1-0: Ball
2-0: Ball
3-0: Called Strike
3-1: Called Strike
3-2: Strikes out looking
Batting: LHB Santiago Miranda 0-0: Swinging Strike
0-1: Ball
1-1: Called Strike
1-2: Foul Ball, location: 2F
1-2: Strikes out swinging
Batting: RHB Cristo Cuervo 0-0: Ball
1-0: Ground out 1-3 (Groundball, P)
Top of the 2nd over - 0 runs, 0 hits, 0 errors, 0 left on base; Yellowknife 0 - Hammond 1
BOTTOM OF THE 2ND
Hammond Herons batting - Pitching for Yellowknife Dragonblood : RHP Forest Stanley
Batting: RHB Juan Laguna 0-0: Foul Ball, location: 2F
0-1: SOLO HOME RUN (Flyball, 7D), Distance : 368 ft
Batting: RHB Spartak Gonjarov 0-0: Called Strike
0-1: DOUBLE (Flyball, 89D)
Batting: RHB John Wiser 0-0: Called Strike
0-1: Fly out, F8 (Flyball, 78M)
Batting: RHB Sean Sherman 0-0: Ball
1-0: Ball
2-0: Foul Ball, location: 2F
2-1: Foul Ball, location: 2F
2-2: Strikes out swinging
Batting: RHB Guillermo Montepeque 0-0: Ground out 5-3 (Groundball, 56)
Bottom of the 2nd over - 1 run, 2 hits, 0 errors, 1 left on base; Yellowknife 0 - Hammond 2
TOP OF THE 3RD
Yellowknife Dragonblood batting - Pitching for Hammond Herons : RHP Gregory Bahena
Batting: RHB Rob Ingram 0-0: Ball
1-0: Ball
2-0: Called Strike
2-1: Ball
3-1: Foul Ball, location: 2F
3-2: Base on Balls
Batting: RHB Víctor Cuevas 0-0: Ball
1-0: Swinging Strike
1-1: Fly out, F8 (Flyball, 8LM)
Batting: RHB Andy Garnet 0-0: Called Strike
0-1: Fly out, F5 (Line Drive, 5)
Batting: RHB Bill Boyd 0-0: Fly out, F8 (Flyball, 78M)
Top of the 3rd over - 0 runs, 0 hits, 0 errors, 1 left on base; Yellowknife 0 - Hammond 2
BOTTOM OF THE 3RD
Hammond Herons batting - Pitching for Yellowknife Dragonblood : RHP Forest Stanley
Batting: LHB Raymond Dudzinski 0-0: Fly out, F9 (Flyball, 89S)
Batting: RHB Norm Freshwater 0-0: Ball
1-0: Foul Ball, location: 2F
1-1: Ground out 5-3 (Groundball, 56)
Batting: RHB Berihun Tukufu 0-0: Swinging Strike
0-1: Swinging Strike
0-2: Ball
1-2: Strikes out swinging
Bottom of the 3rd over - 0 runs, 0 hits, 0 errors, 0 left on base; Yellowknife 0 - Hammond 2
TOP OF THE 4TH
Yellowknife Dragonblood batting - Pitching for Hammond Herons : RHP Gregory Bahena
Batting: LHB Takahiro Suzuki 0-0: DOUBLE (Line Drive, 9D)
Batting: RHB Riley Walker 0-0: Ball
1-0: Called Strike
Takahiro Suzuki is caught stealing 3rd base
1-1: Swinging Strike
1-2: SOLO HOME RUN (Flyball, 89XD), Distance : 385 ft
Batting: RHB Gilberto Clemente 0-0: Ground out 5-3 (Groundball, 56S)
Batting: LHB Santiago Miranda 0-0: Called Strike
0-1: Ball
1-1: Ground out U3 (Groundball, 3)
Top of the 4th over - 1 run, 2 hits, 0 errors, 0 left on base; Yellowknife 1 - Hammond 2
BOTTOM OF THE 4TH
Hammond Herons batting - Pitching for Yellowknife Dragonblood : RHP Forest Stanley
Batting: RHB Landon Edwards 0-0: Called Strike
0-1: Ball
1-1: SINGLE (Line Drive, 8RS)
Batting: RHB Juan Laguna 0-0: Called Strike
0-1: Ball
1-1: Ball
2-1: Foul Ball, location: 2F
2-2: Strikes out looking
Batting: RHB Spartak Gonjarov 0-0: Ball
1-0: Foul Ball, location: 2F
1-1: Ball
2-1: Fielders Choice at 2nd, 6-4 (Groundball, 56D)
Batting: RHB John Wiser 0-0: Ball
1-0: Foul Ball, location: 2F
1-1: Foul Ball, location: 2F
1-2: Foul Ball, location: 2F
1-2: Foul Ball, location: 2F
1-2: Ball
2-2: Foul Ball, location: 2F
2-2: Ground out 3-1 (Groundball, 34S)
Bottom of the 4th over - 0 runs, 1 hit, 0 errors, 1 left on base; Yellowknife 1 - Hammond 2
TOP OF THE 5TH
Yellowknife Dragonblood batting - Pitching for Hammond Herons : RHP Gregory Bahena
Batting: RHB Cristo Cuervo 0-0: Ground out 1-3 (Groundball, P)
Batting: RHB Rob Ingram 0-0: Called Strike
0-1: Ball
1-1: Swinging Strike
1-2: Foul Ball, location: 2F
1-2: Ball
2-2: Strikes out swinging, 2-3 out at first.
Batting: RHB Víctor Cuevas 0-0: Called Strike
0-1: Foul Ball, location: 2F
0-2: Ball
1-2: Fly out, F3 (Popup, 23F)
Top of the 5th over - 0 runs, 0 hits, 0 errors, 0 left on base; Yellowknife 1 - Hammond 2
BOTTOM OF THE 5TH
Hammond Herons batting - Pitching for Yellowknife Dragonblood : RHP Forest Stanley
Batting: RHB Sean Sherman 0-0: Ball
1-0: Foul Ball, location: 2F
1-1: Ball
2-1: Swinging Strike
2-2: Strikes out swinging
Batting: RHB Guillermo Montepeque 0-0: Foul Ball, location: 2F
0-1: Foul Ball, location: 2F
0-2: Ball
1-2: Ground out U3 (Groundball, 34S)
Batting: LHB Raymond Dudzinski 0-0: Called Strike
0-1: Ball
1-1: Ground out 6-3 (Groundball, 6)
Bottom of the 5th over - 0 runs, 0 hits, 0 errors, 0 left on base; Yellowknife 1 - Hammond 2
TOP OF THE 6TH
Yellowknife Dragonblood batting - Pitching for Hammond Herons : RHP Gregory Bahena
Batting: RHB Andy Garnet 0-0: Called Strike
0-1: Called Strike
0-2: Ball
1-2: Foul Ball, location: 2F
1-2: Fly out, F7 (Flyball, 78M)
Batting: RHB Bill Boyd 0-0: Swinging Strike
0-1: Ball
1-1: Ball
2-1: Foul Ball, location: 2F
2-2: Foul Ball, location: 2F
2-2: Strikes out looking
Batting: LHB Takahiro Suzuki 0-0: SINGLE (Groundball, 6D)
Batting: RHB Riley Walker 0-0: SINGLE (Groundball, 4M) (infield hit)
Takahiro Suzuki to second
Batting: RHB Gilberto Clemente 0-0: Called Strike
0-1: Foul Ball, location: 2F
0-2: Strikes out looking
Top of the 6th over - 0 runs, 2 hits, 0 errors, 2 left on base; Yellowknife 1 - Hammond 2
BOTTOM OF THE 6TH
Hammond Herons batting - Pitching for Yellowknife Dragonblood : RHP Forest Stanley
Batting: RHB Norm Freshwater 0-0: Ball
1-0: Ball
2-0: Ball
3-0: Base on Balls
Batting: RHB Berihun Tukufu 0-0: Foul Ball, location: 2F
0-1: Foul Ball, location: 2F
0-2: Fly out, F8 (Flyball, 8LM)
Batting: RHB Landon Edwards 0-0: Ball
1-0: Ball
2-0: Foul Ball, location: 2F
2-1: Ball
3-1: Foul Ball, location: 2F
3-2: DOUBLE (Flyball, 8RD)
Norm Freshwater to third
Batting: RHB Juan Laguna 0-0: Intentional Walk
Batting: RHB Spartak Gonjarov 0-0: DOUBLE (Groundball, 3L)
Norm Freshwater scores
Landon Edwards scores
Juan Laguna to third
Runner from 3rd tries for Home, SAFE, no throw
Batting: RHB John Wiser 0-0: Intentional Walk
Pitching: RHP Shusaku Kobayashi
Batting: RHB Sean Sherman 0-0: Ball
1-0: Ball
2-0: Called Strike
2-1: DOUBLE (Line Drive, 8LD)
Spartak Gonjarov scores
John Wiser to third
Batting: RHB Guillermo Montepeque 0-0: Ball
1-0: Foul Ball, location: 2F
1-1: Called Strike
1-2: Strikes out looking
Batting: LHB Raymond Dudzinski 0-0: Fly out, F9 (Flyball, 9D)
Bottom of the 6th over - 4 runs, 3 hits, 0 errors, 2 left on base; Yellowknife 1 - Hammond 6
TOP OF THE 7TH
Yellowknife Dragonblood batting - Pitching for Hammond Herons : RHP Gregory Bahena
Batting: LHB Santiago Miranda 0-0: Foul Ball, location: 2F
0-1: Ball
1-1: Ball
2-1: Foul Ball, location: 2F
2-2: Fly out, F6 (Popup, 6MD)
Batting: RHB Cristo Cuervo 0-0: Called Strike
0-1: Foul Ball, location: 2F
0-2: Ball
1-2: Ball
2-2: Ground out 4-3 (Groundball, 4MS)
Batting: RHB Rob Ingram 0-0: Ball
1-0: Ball
2-0: Called Strike
2-1: Ground out U3 (Groundball, 3L)
Top of the 7th over - 0 runs, 0 hits, 0 errors, 0 left on base; Yellowknife 1 - Hammond 6
BOTTOM OF THE 7TH
Hammond Herons batting - Pitching for Yellowknife Dragonblood : RHP Shusaku Kobayashi
Batting: RHB Norm Freshwater 0-0: Called Strike
0-1: Ball
1-1: Foul Ball, location: 2F
1-2: Ground out 6-3 (Groundball, 6S)
Batting: RHB Berihun Tukufu 0-0: Called Strike
0-1: Foul Ball, location: 2F
0-2: Strikes out swinging
Batting: RHB Landon Edwards 0-0: Ball
1-0: Swinging Strike
1-1: Ball
2-1: Called Strike
2-2: Ball
3-2: Foul Ball, location: 2F
3-2: Foul Ball, location: 2F
3-2: Foul Ball, location: 2F
3-2: Base on Balls
Batting: RHB Juan Laguna 0-0: Ball
1-0: Foul Ball, location: 2F
1-1: Ball
2-1: Ball
3-1: Called Strike
3-2: Base on Balls
Landon Edwards to second
Batting: RHB Spartak Gonjarov 0-0: Fielders Choice at 2nd, 5-4 (Groundball, 5)
Bottom of the 7th over - 0 runs, 0 hits, 0 errors, 2 left on base; Yellowknife 1 - Hammond 6
TOP OF THE 8TH
Yellowknife Dragonblood batting - Pitching for Hammond Herons : RHP Gregory Bahena
Batting: RHB Víctor Cuevas 0-0: Called Strike
0-1: SINGLE (Groundball, 25) (infield hit)
Batting: RHB Andy Garnet 0-0: Foul Ball, location: 2F
0-1: Ball
1-1: Ball
2-1: Foul Ball, location: 2F
2-2: Strikes out swinging
Batting: RHB Bill Boyd 0-0: Ball
1-0: Called Strike
Balk!
Víctor Cuevas to second
1-1: Ball
2-1: Swinging Strike
2-2: Ball
3-2: Foul Ball, location: 2F
3-2: Strikes out swinging
Batting: LHB Takahiro Suzuki 0-0: Ball
1-0: Ball
2-0: SINGLE (Groundball, 56D)
Víctor Cuevas to third
Runner from 3rd tries for Home, SAFE, throw made home
Pitching: RHP Kelemeneke Balun
Batting: RHB Riley Walker 0-0: Called Strike
0-1: Ball
1-1: Ball
2-1: Foul Ball, location: 2F
2-2: SINGLE (Flyball, 78S)
Takahiro Suzuki to second
Batting: RHB Gilberto Clemente 0-0: Ball
Wild Pitch!
Takahiro Suzuki to third
Riley Walker to second
1-0: Ball
2-0: Foul Ball, location: 2F
2-1: Foul Ball, location: 2F
2-2: Ball
3-2: Foul Ball, location: 2F
3-2: Base on Balls
Batting: LHB Santiago Miranda 0-0: Swinging Strike
0-1: Foul Ball, location: 2F
0-2: Ground out 6-3 (Groundball, 6MS)
Top of the 8th over - 1 run, 3 hits, 0 errors, 3 left on base; Yellowknife 2 - Hammond 6
BOTTOM OF THE 8TH
Hammond Herons batting - Pitching for Yellowknife Dragonblood : RHP Shusaku Kobayashi
Batting: RHB John Wiser 0-0: Called Strike
0-1: Ball
1-1: Ball
2-1: Swinging Strike
2-2: Ball
3-2: Strikes out swinging
Batting: RHB Sean Sherman 0-0: Called Strike
0-1: Ground out 1-3 (Groundball, P)
Batting: RHB Guillermo Montepeque 0-0: Ball
1-0: Called Strike
1-1: Ball
2-1: Ball
3-1: Swinging Strike
3-2: Base on Balls
Batting: LHB Raymond Dudzinski 0-0: Foul Ball, location: 2F
0-1: Ball
1-1: Ball
2-1: Fielders Choice at 2nd, 6-4 (Groundball, 6)
Bottom of the 8th over - 0 runs, 0 hits, 0 errors, 1 left on base; Yellowknife 2 - Hammond 6
TOP OF THE 9TH
Yellowknife Dragonblood batting - Pitching for Hammond Herons : RHP Kelemeneke Balun
Pitching: RHP Bob Christison
Batting: RHB Cristo Cuervo 0-0: Ball
1-0: Fly out, F8 (Flyball, 89M)
Batting: RHB Rob Ingram 0-0: Fly out, F5 (Line Drive, 56)
Batting: RHB Víctor Cuevas 0-0: Called Strike
0-1: Fly out, F8 (Flyball, 8LD)
Top of the 9th over - 0 runs, 0 hits, 0 errors, 0 left on base; Yellowknife 2 - Hammond 6
Tuesday, December 19th, 2017 - OOTP Baseball 18.8 Build 76